AoeStats
← Atzelander

MegaRandom

509580780Analyzed
2v2 RM · 3d ago on Sep 27, 2026· 41m 31s· 4 players
Game mode
Random Map
Map size
Medium (4 player)
Population
200
Speed
Normal
Resources
Standard
Victory
Conquest
Starting age
Dark Age
Ending age
Imperial Age
RankedLock teamsTeams togetherTeam positionsShared explorationLock speedFull tech treeHidden civsTurbo modeCheats
Victory
Defeat
🇮🇹 Italians · Italy
528
+17
🇮🇹 Vikings · Italy
517
+18
🇩🇪 Malay · Germany
565
-18
🇲🇩 Bulgarians · Moldova
539
-17
rodami
0:47 Loom
11:06 Feudal Age
12:22 Wheelbarrow
11:33 Town Watch
11:38 Double-Bit Axe
12:46 Horse Collar
19:47 Stone Mining
19:50 Gold Mining
22:49 Castle Age
20:55 Fletching
23:32 Heavy Plow
23:45 Bow Saw
25:27 Stone Shaft Mining
26:17 Hand Cart
27:19 Bodkin Arrow
28:56 Forging
28:47 Scale Mail Armor
28:55 Scale Barding Armor
30:02 Treadmill Crane
30:34 Fortified Wall
30:20 Murder Holes
30:18 Arson
30:34 Squires
29:54 Pikeman
31:00 Fervor
31:00 Man-at-Arms
37:36 Imperial Age
35:29 Caravan
36:27 Iron Casting
36:13 Chain Mail Armor
36:51 Chain Barding Armor
36:38 Padded Archer Armor
37:41 Masonry
39:46 Chemistry
38:32 Arrowslits
39:18 Architecture
39:18 Bracer
40:07 Conscription
41:08 Two-Man Saw
41:21 Town Patrol
42:36 Crop Rotation
Minida
0:58 Loom
12:07 Feudal Age
12:33 Double-Bit Axe
12:41 Town Watch
12:40 Horse Collar
15:49 Stone Mining
23:29 Castle Age
22:03 Forging
22:53 Scale Mail Armor
22:47 Fletching
22:58 Padded Archer Armor
23:04 Scale Barding Armor
23:20 Man-at-Arms
23:46 Arson
24:29 Heavy Plow
24:44 Bow Saw
24:46 Town Patrol
28:05 Caravan
28:49 Fortified Wall
31:39 Light Cavalry
32:25 Gold Mining
33:13 Iron Casting
32:56 Chain Mail Armor
32:38 Bodkin Arrow
33:00 Squires
34:13 Pikeman
39:43 Imperial Age
37:41 Chain Barding Armor
37:17 Guard Tower
37:48 Ballistics
39:16 Murder Holes
39:12 Heated Shot
41:06 Crop Rotation
41:40 Two-Man Saw
41:44 Blast Furnace
40:45 Bracer
41:02 Leather Archer Armor
41:28 Conscription
43:01 Chemistry
41:44 Treadmill Crane
Atzelander
0:28 Loom
saniuwa
0:57 Loom
14:59 Feudal Age
15:31 Horse Collar
15:44 Double-Bit Axe
24:22 Fishing Lines
28:05 Castle Age
26:39 Scale Mail Armor
26:49 Forging
26:45 Scale Barding Armor
26:31 Fletching
28:02 Bloodlines
27:46 Stone Mining
27:47 Gold Mining
29:17 Wheelbarrow
28:28 Town Watch
29:10 Caravan
29:56 Squires
30:13 Chain Mail Armor
30:56 Iron Casting
35:06 Bodkin Arrow
35:32 Chain Barding Armor
34:36 Pikeman
41:06 Imperial Age
39:07 Murder Holes
39:50 Gambesons
40:12 Husbandry
40:29 Masonry
Connection lost

Rejoining the realm…

Still unreachable

The connection could not be restored.

Session expired

The server has moved on; the page needs a fresh start.